 Dungeon Sprint DCSS version 0.27-a0-1322-gfdffb62a71 (webtiles) character file.

Game seed: 4755034848550273789

2499 mhtbhm the Eclecticist (level 9, 0/46 HPs)
             Began as a Deep Elf Earth Elementalist on June 22, 2021.
             Was the Champion of Vehumet.
             Killed from afar by an ice dragon (46 damage)
             ... with a blast of cold
             ... in the Dungeon (Sprint VII: "The Pits").
             The game lasted 00:02:49 (996 turns).

mhtbhm the Eclecticist (Deep Elf Earth Elementalist) Turns: 996, Time: 00:02:50

Health: 0/46       AC:  3    Str:  5    XL:     9   Next: 28%
Magic:  17/31      EV: 16    Int: 24    God:    Vehumet [******]
Gold:   0          SH:  0    Dex: 21    Spells: 26/41 levels left

rFire    . . .     SeeInvis .   l - +2 morningstar (protect)
rCold    . . .     Faith    .   (no shield)
rNeg     . . .     Spirit   .   b - +0 robe
rPois    .         Reflect  .   (no helmet)
rElec    .         Harm     .   (no cloak)
rCorr    .         Rampage  .   (no gloves)
Will     .....     NoTele   +   r - +0 pair of boots
Stlth    +++.......             (no amulet)
HPRegen  0.15/turn              m - +3 ring of dexterity
MPRegen  0.22/turn              p - +3 ring of dexterity

@: no status effects
A: no striking features
a: Renounce Religion


You were in the Dungeon.
You worshipped Vehumet.
Vehumet was exalted by your worship.
You visited 1 branch

Inventory:

Hand Weapons
 l - a +2 morningstar of protection (weapon)
Missiles
 i - 37 stones
Armour
 b - a +0 robe (worn)
 r - a +0 pair of boots (worn)
Jewellery
 m - a +3 ring of dexterity (left hand)
 p - a +3 ring of dexterity (right hand)
Scrolls
 h - a scroll of blinking
 j - 5 scrolls of amnesia
 k - a scroll of summoning
Potions
 a - 2 potions of invisibility
 c - 6 potions of curing
 d - 8 potions of heal wounds
 e - 2 potions of haste
 f - 4 potions of magic
 g - 5 potions of berserk rage
 n - 2 potions of mutation
 o - a potion of brilliance
 q - a potion of might


   Skills:
 + Level 0.5 Fighting
 + Level 6.1 Dodging
 + Level 5.5 Stealth
 + Level 16.6 Spellcasting
 + Level 2.2 Conjurations
 + Level 1.7 Transmutations
 + Level 15.9 Earth Magic


You had 26 spell levels left.
You knew the following spells:

 Your Spells              Type           Power      Damage    Failure   Level
a - Sandblast             Erth           100%       2d20      0%          1
b - Passwall              Tmut/Erth      48%        N/A       1%          2
c - Stone Arrow           Conj/Erth      100%       3d13      1%          3
d - Lee's Rapid Deconstr  Erth           38%        3d20*     1%          5
e - Petrify               Tmut/Erth      58%        N/A       1%          4

Your spell library contained the following spells:

 Spells                   Type           Power      Damage    Failure   Level
 Fulminant Prism          Conj/Hex       12%        3d9       4%          4


Dungeon Overview and Level Annotations

Branches:
Dungeon (1/1)

Altars:
Ashenzari
Cheibriados
Dithmenos
Elyvilon
Fedhas
Gozag
Hepliaklqana
Kikubaaqudgha
Makhleb
Nemelex Xobeh
Okawaru
Qazlal
Ru
Sif Muna
Trog
Uskayaw
Vehumet
Wu Jian
Xom
Yredelemnul
Zin
The Shining One
Beogh
Jiyva
Lugonu


Message History

You feel your power returning.
Unknown command.
You start resting.
A sea snake comes into view.
A sea snake is nearby!
Casting: Stone Arrow (safe; 1% risk of failure)
Confirm with . or Enter, or press ? or * to list all spells.
Aiming: Lee's Rapid Deconstruction (safe; 1% risk of failure)
Press: ? - help, Dir - move target A metal wall.
The metal wall shatters!
The blast of metal fragments hits the sea snake!!
The sea snake is heavily wounded.
Unknown command.
Casting: Lee's Rapid Deconstruction (safe; 1% risk of failure)
Confirm with . or Enter, or press ? or * to list all spells.
Aiming: Lee's Rapid Deconstruction (safe; 1% risk of failure)
Press: ? - help, Dir - move target A metal wall.
The metal wall shatters!
The blast of metal fragments hits the sea snake!!!
You kill the sea snake!
Vehumet accepts your kill.
You feel your power returning.
Your Spellcasting skill increases to level 16!
Unknown command.
You start resting.
An ice dragon comes into view.
Casting: Lee's Rapid Deconstruction (safe; 1% risk of failure)
Confirm with . or Enter, or press ? or * to list all spells.
Aiming: Lee's Rapid Deconstruction (safe; 1% risk of failure)
Press: ? - help, Dir - move target A metal wall.
The metal wall shatters!
The blast of metal fragments hits the ice dragon!!!
The ice dragon is heavily wounded.
The ice dragon breathes frost at you. The blast of cold hits you!!!
Ouch! That really hurt!
You die...

+..........#
#..........#
########..#....#..#
......''..........#
......''..........#
#+##..##..#....#..#
#..##..........+
#..##..........+
#..####''####@'#
#..####''####''#
#..##......##....
####..##.#+##.##...†.D
......##.# .##..#####
... #.'He# ##..# ###
#.#OO+ #†.# ### #.+OO#
#..# ..# #.# +#


You could see an ice dragon (catching breath).

Vanquished Creatures
  A catoblepas (D)
  A sea snake (D)
  A cane toad (D)
  A rime drake (D)
  A redback (D)
  2 floating eyes (D)
  A wolf (D)
  2 gnoll sergeants (D)
  A scorpion (D)
  A jelly (D)
  11 gnolls (D)
  2 river rats (D)
  An adder skeleton (D)
  An endoplasm (D)
  2 goblins (D)
  2 hobgoblins (D)
  A kobold (D)
  A ball python (D)
  A bat (D)
  2 frilled lizards (D)
  2 rats (D)
38 creatures vanquished.

Notes
Turn   | Place    | Note
-------+----------+-------------------------------------------
     0 | D        | mhtbhm the Deep Elf Earth Elementalist began the quest for
                  | the Orb.
     0 | D        | Reached XP level 1. HP: 10/10 MP: 6/6
    21 | D        | Noticed a hell rat
    21 | D        | Noticed an orc priest
    21 | D        | Noticed an orc wizard
    21 | D        | Noticed an orc wizard
    21 | D        | Noticed a redback
    50 | D        | Found a bloodstained altar of Trog.
    50 | D        | Found a shimmering blue altar of Sif Muna.
    50 | D        | Found a viscous altar of Jiyva.
    50 | D        | Found a hazy altar of Hepliaklqana.
    50 | D        | Found an opulent altar of Gozag.
    51 | D        | Found a glowing golden altar of the Shining One.
    51 | D        | Found a glowing silver altar of Zin.
    51 | D        | Found a basalt altar of Yredelemnul.
    51 | D        | Found a shimmering altar of Xom.
    51 | D        | Found an ornate altar of the Wu Jian Council.
    51 | D        | Found a sacrificial altar of Ru.
    51 | D        | Found a stormy altar of Qazlal.
    51 | D        | Found an iron altar of Okawaru.
    51 | D        | Found a sparkling altar of Nemelex Xobeh.
    51 | D        | Found a burning altar of Makhleb.
    51 | D        | Found a blossoming altar of Fedhas.
    51 | D        | Found a white marble altar of Elyvilon.
    51 | D        | Found a shadowy altar of Dithmenos.
    51 | D        | Found a snail-covered altar of Cheibriados.
    53 | D        | Found a radiant altar of Vehumet.
    53 | D        | Found a corrupted altar of Lugonu.
    54 | D        | Found a hide-covered altar of Uskayaw.
    54 | D        | Found an ancient bone altar of Kikubaaqudgha.
    54 | D        | Found a broken altar of Ashenzari.
    61 | D        | Became a worshipper of Vehumet
   104 | D        | Noticed a scorpion
   104 | D        | Noticed a floating eye
   108 | D        | Killed a scorpion
   108 | D        | Paralysed by a floating eye for 3 turns
   109 | D        | Reached skill level 6 in Spellcasting
   109 | D        | Reached XP level 2. HP: 12/15 MP: 4/11
   109 | D        | Reached XP level 3. HP: 15/19 MP: 4/12
   112 | D        | Killed a floating eye
   113 | D        | Reached skill level 7 in Spellcasting
   113 | D        | Reached XP level 4. HP: 20/24 MP: 2/15
   113 | D        | Reached XP level 5. HP: 23/28 MP: 2/17
   167 | D        | Learned a level 2 spell: Passwall
   171 | D        | Learned a level 3 spell: Stone Arrow
   177 | D        | Learned a level 5 spell: Lee's Rapid Deconstruction
   182 | D        | Learned a level 4 spell: Petrify
   213 | D        | Noticed a floating eye
   214 | D        | Killed a floating eye
   214 | D        | Reached * piety under Vehumet
   214 | D        | Offered knowledge of Foxfire by Vehumet.
   215 | D        | Reached skill level 5 in Dodging
   215 | D        | Reached skill level 5 in Stealth
   215 | D        | Reached skill level 8 in Spellcasting
   215 | D        | Reached skill level 10 in Earth Magic
   256 | D        | Reached skill level 9 in Spellcasting
   278 | D        | Reached ** piety under Vehumet
   282 | D        | Reached XP level 6. HP: 32/32 MP: 6/20
   362 | D        | Offered knowledge of Poisonous Vapours by Vehumet.
   443 | D        | Reached *** piety under Vehumet
   444 | D        | Reached skill level 10 in Spellcasting
   446 | D        | Reached **** piety under Vehumet
   447 | D        | Reached skill level 1 in Conjurations
   448 | D        | Reached ***** piety under Vehumet
   453 | D        | Reached skill level 11 in Spellcasting
   568 | D        | Offered knowledge of Mephitic Cloud by Vehumet.
   592 | D        | Noticed a redback
   593 | D        | Killed a redback
   594 | D        | Reached skill level 12 in Spellcasting
   594 | D        | Reached XP level 7. HP: 36/36 MP: 18/24
   628 | D        | Reached ****** piety under Vehumet
   633 | D        | Noticed a cane toad
   637 | D        | Killed a cane toad
   638 | D        | Reached skill level 13 in Spellcasting
   642 | D        | Reached XP level 8. HP: 42/42 MP: 12/27
   885 | D        | Noticed a sphinx
   885 | D        | Noticed a deep elf blademaster
   885 | D        | Noticed an ogre mage
   885 | D        | Noticed a two-headed ogre
   885 | D        | Noticed a two-headed ogre
   898 | D        | Noticed a catoblepas
   900 | D        | Noticed a rime drake
   901 | D        | Killed a rime drake
   901 | D        | Offered knowledge of Fulminant Prism by Vehumet.
   902 | D        | Reached skill level 14 in Spellcasting
   903 | D        | Killed a catoblepas
   904 | D        | Reached skill level 15 in Spellcasting
   904 | D        | Reached skill level 15 in Earth Magic
   904 | D        | Reached XP level 9. HP: 46/46 MP: 12/30
   990 | D        | Noticed a sea snake
   992 | D        | Killed a sea snake
   993 | D        | Reached skill level 16 in Spellcasting
   995 | D        | Noticed an ice dragon
   996 | D        | Killed from afar by an ice dragon

Illustrated notes

Levels and vault maps discovered:
D:        pitsprint [storerooms_1, entrance_room_1, metal_vault_1, armoury_1,
          mini_pit_1, grid_room_1, main_hall_1, silver_pit, the_coven_2,
          the_vestibule_1, steel_vault_4, golden_pit, hallway_of_sentries,
          crystal_vault_2, iron_vault_4, final_vault]

Skill      XL: |  1  2  3  4  5  6  7  8  9 |
---------------+----------------------------+-----
Dodging        | 3 4 5 6 |  6.1
Stealth        | 3 4 5 |  5.5
Spellcasting   | 6 7 9 12 13 15 16 | 16.6
Earth Magic    | 6 8 10 12 13 15 | 15.9
Conjurations   | 1 2 |  2.2
Fighting       | |  0.5
Transmutations | |  1.7

Action                   |  1- 3 |  4- 6 |  7- 9 || total
-------------------------+-------+-------+-------++-------
 Cast: Sandblast         |     5 |     3 |       ||     8
       Stone Arrow       |       |     6 |     1 ||     7
       Lee's Rapid Decon |       |    10 |    13 ||    23
Dodge: Dodged            |       |     6 |     2 ||     8

Table legend: (Time is in decaauts)
 A = Elapsed time spent in this place.
 B = Non-inter-level travel time spent in this place.
 C = Inter-level travel time spent in this place.
 D = Time resting spent in this place.
 E = Time spent auto-exploring this place.
 F = Levels seen in this place.
 G = Mean time per level.
                   A        B        C        D        E       F      G
               +--------+--------+--------+--------+--------+-----+--------+
         Total |    993 |    993 |      0 |    536 |    169 |   1 |  993.0 |
       Dungeon |    993 |    993 |      0 |    536 |    169 |   1 |  993.0 |
               +--------+--------+--------+--------+--------+-----+--------+

Top non-repeatable levels by time:
       D: 993 daAuts
